[Event "*** Titled Tuesday Blitz"]
[Site "Chess.com"]
[Date "2020.11.03"]
[Round "3"]
[White "kuban1991"]
[Black "Promacherr"]
[Result "0-1"]
[WhiteElo "2892"]
[BlackElo "2684"]
[TimeControl "180+1"]
[EndTime "10:31:09 PST"]
[Termination "Promacherr won on time"]

1. Nf3 d5 2. g3 c5 3. Bg2 Nc6 4. d4 e6 5. O-O Nf6 6. c4 cxd4 7. Nxd4 Bc5 8. Nb3 Bb6 9. cxd5 exd5 10. Nc3 d4 11.
Na4 O-O 12. Nac5 Qe7 13. Nd3 Re8 14. Re1 Bg4 15. Bg5 h6 16. Bxf6 Qxf6 17. Qd2 Rad8 18.
Rac1 h5 19. Nbc5 Bxc5 20. Nxc5 d3 21. Nxb7 dxe2 22. Nxd8 Rxd8 23. Qe3 Nd4 24. f4 Nf5 25.
Qf2 Rd1 26. h3 Qxb2 27. Rc8+ Kh7 28. hxg4 Qd2 29. gxf5 Rxe1+ 30. Kh2 Rh1+ 31. Bxh1 e1=Q 32. Qxd2 Qxd2+ 33. Kh3 Qd1 34. Bg2 Qg4+ 35. Kh2 h4 36. gxh4 Qxh4+ 37. Kg1 Qxf4 38. Rc2 Qxf5 39. Re2 Qc5+ 40.
Kf1 g6 41. Bf3 Kg7 42. Kg2 Qc3 43. Be4 a5 44. Rc2 Qd4 45. Bf3 a4 46. Rf2 a3 47.
Be2 f5 48. Bf3 Kf6 49. Re2 g5 50.
Kf1 g4 51. Bg2 f4 52. Bc6 f3 0-1

[Event "*** Titled Tuesday Blitz"]
[Site "Chess.com"]
[Date "2020.11.03"]
[Round "3"]
[White "beautroll"]
[Black "gammagramma"]
[Result "1-0"]
[WhiteElo "2422"]
[BlackElo "2545"]
[TimeControl "180+1"]
[EndTime "10:31:09 PST"]
[Termination "beautroll won on time"]

1. e4 c6 2. d4 d5 3. e5 c5 4.
c3 Nc6 5. dxc5 a6 6. Nf3 Bg4 7. Be2 e6 8. b4 Bxf3 9. Bxf3 Nxe5 10. Bf4 Nxf3+ 11. Qxf3 Be7 12. O-O Bf6 13. Na3 Ne7 14. Rad1 a5 15. Nb5 O-O 16. a3 Qd7 17. Nd6 Nc8 18.
c4 e5 19. Bg3 d4 20. Nxb7 axb4 21. axb4 Ra4 22. c6 Qe7 23. b5 Rxc4 24. Qd5 Nb6 25. Qd6 Qxd6 26. Nxd6 Rb4 27. Rfe1 Nc8 28. Nxc8 Rxc8 29.
Bxe5 Rxb5 30. Bxd4 Bxd4 31. Rxd4 Rc5 32. Rde4 Kf8 33. h4 g6 34. Kh2 R8xc6 35. Re8+ Kg7 36. f3 Rh5 37. Kg3 Rc4 38. R1e4 Rc1 39. R8e5 Rxe5 40. Rxe5 Rh1 41. Rb5 Kh6 42. Rb7 f5 43. Rb4 Kh5 44. Rb7 1-0

[Event "*** Titled Tuesday Blitz"]
[Site "Chess.com"]
[Date "2020.11.03"]
[Round "3"]
[White "MarcoRiehle"]
[Black "AnishOnYoutube"]
[Result "0-1"]
[WhiteElo "2713"]
[BlackElo "2966"]
[TimeControl "180+1"]
[EndTime "10:31:10 PST"]
[Termination "AnishOnYoutube won by resignation"]

1. e4 c5 2. Nf3 d6 3. d4 cxd4 4.
Nxd4 Nf6 5. f3 Nc6 6. c4 e5 7. Nc2 Be7 8. Be3 O-O 9. Qd2 Be6 10. Be2 Nd7 11. O-O f5 12. exf5 Bxf5 13. Bd3 Be6 14. Nc3 Nf6 15. b3 Qd7 16. Rad1 Rad8 17. Be4 Kh8 18.
Bd5 Bf5 19. Be4 Nxe4 20. Nxe4 Qe6 21. Nb4 Qg6 22. Ng3 Be6 23. Nd5 Bh4 24. Ne4 h6 25. a3 Rd7 26. b4 Rc8 27. Rc1 b6 28.
Qb2 Bf5 29. Nf2 Ne7 30. Nxe7 Rxe7 31. Rfd1 Rec7 32. c5 bxc5 33. bxc5 dxc5 34. Qxe5 Bf6 35. Qd6 c4 36. g4 Bb2 37. Qxg6 Bxg6 38. Kf1 c3 39.
Ne4 Bxe4 40. fxe4 Bxc1 41. Bxc1 Re7 42. Rd4 Rce8 43. Rc4 Rxe4 44. Rxc3 Rxg4 45. Be3 Rf8+ 46. Ke2 Rf7 47. h3 Ra4 48. Bc1 Kh7 49. Bb2 Rh4 50. Re3 Rh5 51. Rg3 Rc5 52. Re3 Rc2+ 0-1

[Event "*** Titled Tuesday Blitz"]
[Site "Chess.com"]
[Date "2020.11.03"]
[Round "3"]
[White "Fiona"]
[Black "ural58"]
[Result "0-1"]
[WhiteElo "2157"]
[BlackElo "2356"]
[TimeControl "180+1"]
[EndTime "10:31:10 PST"]
[Termination "ural58 won by resignation"]

1. e4 d5 2. exd5 Qxd5 3. Nc3 Qa5 4. d4 Nf6 5. Nf3 Nc6 6. Bd2 a6 7. Ne4 Qb6 8. Nxf6+ gxf6 9. Bc3 Bg4 10. h3 Bh5 11. g4 Bg6 12. Bd3 O-O-O 13. Bxg6 hxg6 14. Qd2 e5 15. O-O-O exd4 16. Bxd4 Nxd4 17. Nxd4 c5 18. Qc3 Qb4 19. Qxb4 cxb4 20. Rd3 Bc5 21. c3 bxc3 22. bxc3 Rd5 23. Kc2 b5 24. f3 Re5 25. Nb3 Bb6 26. Kd2 Rhe8 27. Nc1 Bc7 28. Kc2 Bb6 29. Rhd1 R8e7 30.
Nb3 a5 31. Nd4 Kb7 32. f4 Rd5 33. f5 g5 34. Nb3 Rxd3 35. Rxd3 a4 36. Nd4 Bxd4 37.
cxd4 Kc6 38. Kc3 Kd5 39. Kb4 Re2 40. Kxb5 Rxa2 41. Kb4 Ra1 42. Kb5 a3 43. Ka4 a2 44.
Ka3 Ke4 45. Rd2 Ke3 46. Rxa2 Rxa2+ 47. Kxa2 Kxd4 48. Kb3 Ke4 49. Kb2 Kf4 0-1

[Event "*** Titled Tuesday Blitz"]
[Site "Chess.com"]
[Date "2020.11.03"]
[Round "3"]
[White "LubovMarkelova"]
[Black "andriipalchuk"]
[Result "0-1"]
[WhiteElo "2241"]
[BlackElo "2449"]
[TimeControl "180+1"]
[EndTime "10:31:11 PST"]
[Termination "andriipalchuk won on time"]

1. Nf3 Nf6 2. c4 e6 3. Nc3 d5 4.
e3 c6 5. d4 Nbd7 6. b3 Bb4 7.
Bd2 a5 8. Bd3 O-O 9. O-O Qe7 10.
Qe2 dxc4 11. bxc4 e5 12. Bf5 exd4 13. Nxd4 Nc5 14. a3 Bxc3 15. Bxc3 Nfe4 16. Bb2 g6 17.
Bxc8 Raxc8 18. Rad1 f5 19. Nf3 Rcd8 20. Nd2 b6 21.
Nxe4 Nxe4 22. Rxd8 Rxd8 23. Rd1 Rd6 24. c5 Rxd1+ 25. Qxd1 Nxc5 26. Qd4 Kf7 27. Qg7+ Ke8 28. Qh8+ Kd7 29. Bf6 Qf7 30. Qd8+ Ke6 31. Bd4 Nd7 32. Qc7 Kd5 33. Bxb6 a4 34. Bd4 Qe7 35.
Qa5+ c5 36. Qa8+ Ke6 37. Qc6+ Qd6 38. Qxd6+ Kxd6 39. Bc3 Kd5 40. Kf1 Kc4 41. Ba5 Kb3 42. Ke2 Kxa3 43. Kd3 Kb3 44. e4 a3 45. Bc3 c4+ 46. Kd2 fxe4 0-1

[Event "*** Titled Tuesday Blitz"]
[Site "Chess.com"]
[Date "2020.11.03"]
[Round "3"]
[White "chessdjw"]
[Black "Zhigalko_Sergei"]
[Result "0-1"]
[WhiteElo "2682"]
[BlackElo "2917"]
[TimeControl "180+1"]
[EndTime "10:31:12 PST"]
[Termination "Zhigalko_Sergei won by resignation"]

1. d4 Nf6 2. c4 e6 3. Nf3 b6 4. g3 Ba6 5. b3 Bb4+ 6. Bd2 Be7 7.
Bg2 c6 8. Bc3 d5 9. Nbd2 Nbd7 10. O-O O-O 11. Re1 c5 12. e4 Nxe4 13. Nxe4 dxe4 14.
Rxe4 Bb7 15. Re2 Bf6 16. Rd2 Qc7 17. Qc2 Rad8 18. Rad1 Bxf3 19. Bxf3 cxd4 20. Bxd4 Bxd4 21.
Rxd4 Ne5 22. Be4 f5 23. Bg2 Rxd4 24. Rxd4 Rd8 25. Qc3 Rd7 26. Rxd7 Nxd7 27. Qd4 Kf7 28.
h4 Nf6 29. b4 Qd7 30. Qxd7+ Nxd7 31. f4 Ke7 32. Kf2 Kd6 33. Ke3 e5 34. fxe5+ Kxe5 35. Bf3 g6 36. a3 h6 37. Be2 g5 38. hxg5 hxg5 39. Bf3 Nf6 40. Bg2 Ng4+ 41. Kd3 Nf6 42. c5 bxc5 43. bxc5 Nh5 44. Kc4 Nxg3 45. Kb5 Ne4 46.
Ka6 Nxc5+ 47. Kxa7 g4 48. Kb6 Kd4 49. Bc6 f4 50. a4 Nxa4+ 51. Bxa4 f3 52. Bd7 g3 53. Bc6 Ke3 54. Bxf3 Kxf3 0-1

[Event "*** Titled Tuesday Blitz"]
[Site "Chess.com"]
[Date "2020.11.03"]
[Round "3"]
[White "Radzio1987"]
[Black "TregubovP"]
[Result "1/2-1/2"]
[WhiteElo "2807"]
[BlackElo "2538"]
[TimeControl "180+1"]
[EndTime "10:31:12 PST"]
[Termination "Game drawn by repetition"]

1. c4 e5 2. Nc3 Nf6 3. Nf3 Nc6 4. a3 d5 5. cxd5 Nxd5 6. Qc2 Nxc3 7. dxc3 Bd6 8. e4 O-O 9. Bc4 Qe7 10. Bg5 Qe8 11.
O-O Be6 12. Nd2 f6 13. Be3 Kh8 14. a4 Qf7 15. Bxe6 Qxe6 16. a5 a6 17. Qa4 Rfd8 18.
Rfd1 Be7 19. Qc4 Qxc4 20. Nxc4 Kg8 21. Kf1 Kf7 22. Ke2 Ke6 23. g4 g6 24. b4 Rxd1 25.
Rxd1 Rd8 26. Rb1 Kd7 27. h4 Rg8 28. b5 axb5 29. Rxb5 Nd8 30. Rb1 Kc6 31. Rh1 Nf7 32.
h5 Nd6 33. Nd2 gxh5 34. Rxh5 Rxg4 35. Rxh7 Bf8 36. c4 Nxe4 37. Nxe4 Rxe4 38. Rf7 Bd6 39. Kd3 Rh4 40. Rxf6 Kd7 41. c5 Be7 42. Rg6 Ra4 43. c6+ bxc6 44. Bd2 e4+ 45. Ke2 Bb4 46.
Bxb4 Rxb4 47. Ke3 Ra4 48. Rg5 Kd6 49. Rg6+ Kd5 50. Rg5+ Kd6 51. Rg6+ Kd5 52. Rg5+ Kd6 1/2-1/2

[Event "*** Titled Tuesday Blitz"]
[Site "Chess.com"]
[Date "2020.11.03"]
[Round "3"]
[White "Smirnov_Pavel"]
[Black "karwowskikacper"]
[Result "1-0"]
[WhiteElo "2838"]
[BlackElo "2458"]
[TimeControl "180+1"]
[EndTime "10:31:12 PST"]
[Termination "Smirnov_Pavel won on time"]

1. d4 Nf6 2. c4 e6 3. Nf3 b6 4. g3 Bb7 5. Bg2 Be7 6. O-O O-O 7. Nc3 Ne4 8. Bd2 Bf6 9. Ne5 Nxc3 10. Bxc3 Bxg2 11. Kxg2 d6 12. Nf3 Nd7 13. e4 e5 14. Re1 Re8 15. d5 a5 16. b3 g6 17.
a3 Bg7 18. b4 axb4 19. axb4 Qe7 20. h4 h6 21. h5 g5 22. Nh2 Nf6 23. Qe2 Qd7 24.
g4 Ra4 25. Nf1 Rea8 26. f3 Rxa1 27. Rxa1 Rxa1 28. Bxa1 Qa4 29. Bc3 Qb3 30. Be1 Kh7 31. Ne3 Bf8 32. Kf2 Be7 33. Qc2 Qa3 34. Ke2 Bd8 35. Bc3 Nd7 36. Qb2 Qa4 37. Qa1 Qxa1 38. Bxa1 b5 39. cxb5 Nb6 40. Kd3 Kg8 41. Nc4 Kf8 42.
Ne3 Kg8 43. Bb2 f6 44. Bc1 Kg7 45. Nf5+ Kh7 46. Be3 Na4 47. b6 cxb6 48. Nxd6 Be7 49. Ne8 Bxb4 50. Nxf6+ Kg7 51. Nd7 b5 52. Nxe5 Bd6 53. Nc6 Kf7 54. e5 Bc7 55. d6 Bb6 56. d7 Bc7 57. d8=Q Bxd8 58. Nxd8+ Ke7 59. Nc6+ Ke6 60.
Bd4 Kd5 61. Nb4+ Ke6 62. Ke4 Kf7 63. Kf5 Kg8 64. Kg6 1-0

[Event "*** Titled Tuesday Blitz"]
[Site "Chess.com"]
[Date "2020.11.03"]
[Round "3"]
[White "sopo-tereladze"]
[Black "Synctel"]
[Result "1-0"]
[WhiteElo "2309"]
[BlackElo "1998"]
[TimeControl "180+1"]
[EndTime "10:31:13 PST"]
[Termination "sopo-tereladze won on time"]

1. d4 Nf6 2. Nf3 d5 3. Bf4 e6 4.
e3 Bd6 5. Bd3 O-O 6. O-O b6 7.
Ne5 Bb7 8. Nd2 c5 9. c3 Nc6 10. Ndf3 Ne7 11. Bg5 Ne4 12. Bh4 f6 13. Ng4 h5 14.
Nxf6+ Nxf6 15. Ng5 Qd7 16. f4 Nf5 17. Bf2 cxd4 18.
cxd4 g6 19. Qf3 Ng4 20. h3 Nxf2 21. Qxf2 Be7 22. g4 hxg4 23. hxg4 Nh6 24. Qh4 Kg7 25. Kg2 Bxg5 26. Qxg5 Qf7 27. Qe5+ Qf6 28. Qxf6+ Rxf6 29. g5 Rff8 30. gxh6+ Kxh6 31. Kf3 Kg7 32. Rg1 Rf6 33. Rg5 Rh8 34. Rag1 Rh6 35. R1g3 Kf7 36. Kg2 Bc6 37. b3 a5 38. a4 Bd7 39. Ba6 Be8 40.
Bb7 Ke7 41. Rh3 Rxh3 42. Kxh3 Rf8 43. Kg2 Rh8 44. Ba6 Kf6 45. Bd3 Bf7 46. Kf3 Rc8 47. Rg2 Rc3 48. Bc2 Be8 49. Ke2 Bd7 50. Kd2 Rc8 51. Rxg6+ Kf7 52. Rh6 Rg8 53. Rh7+ Ke8 54.
Kc3 Kd8 55. Bd3 1-0

[Event "*** Titled Tuesday Blitz"]
[Site "Chess.com"]
[Date "2020.11.03"]
[Round "3"]
[White "gumimis"]
[Black "esskeettit"]
[Result "0-1"]
[WhiteElo "2262"]
[BlackElo "2461"]
[TimeControl "180+1"]
[EndTime "10:31:14 PST"]
[Termination "esskeettit won by checkmate"]

1. e4 c5 2. Nf3 Nc6 3. d4 cxd4 4. Nxd4 g6 5. c4 Nf6 6. Nc3 d6 7. Be2 Nxd4 8. Qxd4 Bg7 9. O-O O-O 10. Bg5 a5 11.
Qe3 a4 12. f4 Qa5 13. Rad1 Be6 14. Nd5 Bxd5 15. exd5 Rfe8 16. f5 Qa7 17. fxg6 Qxe3+ 18.
Bxe3 hxg6 19. Bd4 Nd7 20. Bxg7 Kxg7 21. Rf3 Rec8 22. Kf2 Ne5 23. Rc3 Rc7 24. Rdc1 Rac8 25. b4 axb3 26. axb3 b5 27. Ke3 bxc4 28. Bxc4 e6 29.
Kd2 Nxc4+ 30. Rxc4 Rxc4 31. Rxc4 Rxc4 32. bxc4 exd5 33.
cxd5 Kf6 34. Kd3 Ke5 35. Kc4 f5 36. g3 Ke4 37. h4 Ke5 38. Kd3 Kxd5 39. Ke3 Ke5 40. Kf3 d5 41. g4 fxg4+ 42. Kxg4 d4 43. Kg5 d3 44. Kxg6 d2 45. h5 d1=Q 46. h6 Qd6+ 47. Kg7 Qe7+ 48. Kh8 Kf6 49. Kg8 Qf7+ 50. Kh8 Kg6 51. h7 Qxh7# 0-1

[Event "*** Titled Tuesday Blitz"]
[Site "Chess.com"]
[Date "2020.11.03"]
[Round "3"]
[White "lukas_111111"]
[Black "TimofeevAr"]
[Result "1-0"]
[WhiteElo "2567"]
[BlackElo "2804"]
[TimeControl "180+1"]
[EndTime "10:31:15 PST"]
[Termination "lukas_111111 won by resignation"]

1. d4 d5 2. c4 dxc4 3. Nf3 Nf6 4. e3 e6 5. Bxc4 c5 6. O-O a6 7. b3 cxd4 8. Nxd4 Bd6 9. Bb2 O-O 10. Nd2 Qe7 11.
Qf3 Nbd7 12. Ne4 Ne5 13. Nxf6+ Qxf6 14. Qxf6 gxf6 15. Be2 Rd8 16. f4 Nd7 17. Bf3 Nc5 18. Rfd1 e5 19. Ne2 Be6 20. fxe5 fxe5 21. Nc3 Bc7 22. Nd5 Bxd5 23. Bxd5 Rab8 24. Rac1 Bd6 25.
Bc4 Ne4 26. Rf1 Rd7 27. Rcd1 Rbd8 28. Bd5 Ng5 29. h4 Ne6 30. Bxe6 fxe6 31. Kh2 e4+ 32. Kh3 Bc5 33. Rxd7 Rxd7 34. Rf4 Rd2 35. Be5 Bxe3 36. Rxe4 Bh6 37. g4 Rxa2 38. g5 Bf8 39. Rc4 Ra3 40. Rc3 b5 41. Kg4 a5 42. Rc8 Rxb3 43.
Bd6 a4 44. Rxf8+ Kg7 45. Ra8 Rd3 46. Be5+ Kf7 47. Ra7+ Kg8 48. Rg7+ Kf8 49. Rxh7 a3 50. Ra7 b4 51. g6 Rd8 52. h5 Rc8 53. h6 1-0

[Event "*** Titled Tuesday Blitz"]
[Site "Chess.com"]
[Date "2020.11.03"]
[Round "3"]
[White "GalperinPlaton"]
[Black "ehrenfeld"]
[Result "0-1"]
[WhiteElo "2875"]
[BlackElo "2484"]
[TimeControl "180+1"]
[EndTime "10:31:16 PST"]
[Termination "ehrenfeld won by checkmate"]

1. a4 e5 2. c3 d5 3. Na3 Nf6 4.
Nc2 Bd6 5. g3 O-O 6. Bg2 c5 7.
d4 cxd4 8. cxd4 e4 9. b4 h6 10.
Nh3 Bxh3 11. Bxh3 Nc6 12. b5 Ne7 13. O-O Ng6 14. Bd2 Re8 15. Qb1 Nh7 16. Qb3 Ng5 17. Bg2 Ne7 18. Ne3 Bc7 19. Bb4 Bd6 20.
a5 Bxb4 21. Qxb4 Qd7 22. h4 Ne6 23. Bh3 Rf8 24. Nf5 Nxf5 25. Bxf5 g6 26. Bh3 f5 27. e3 g5 28. hxg5 hxg5 29. Rfc1 g4 30. Bf1 Ng5 31. Kg2 Qh7 32. f4 Qh3+ 33. Kf2 Qh2+ 34. Ke1 Nf3+ 35.
Kd1 Qf2 36. Be2 Qxe3 37. Qc3 Qxd4+ 38. Qxd4 Nxd4 39. Bf1 Rac8 40. Rcb1 Nf3 41. Ra4 d4 42. b6 a6 43. Bc4+ Kg7 44. Bd5 d3 45. Bxb7 Rh8 46. Rxe4 Rh1+ 47. Re1 Rxe1# 0-1

[Event "*** Titled Tuesday Blitz"]
[Site "Chess.com"]
[Date "2020.11.03"]
[Round "3"]
[White "Fy_Rakotomaharo"]
[Black "serhanberat_ozdemir"]
[Result "1-0"]
[WhiteElo "2625"]
[BlackElo "2397"]
[TimeControl "180+1"]
[EndTime "10:31:16 PST"]
[Termination "Fy_Rakotomaharo won by checkmate"]

1. d4 Nf6 2. Nf3 g6 3. Nbd2 d5 4. e3 Bg7 5. b4 O-O 6. Bb2 b6 7. c4 dxc4 8. Bxc4 Bb7 9. O-O Nbd7 10. Qe2 c5 11. dxc5 bxc5 12. b5 Qc7 13. a4 Nd5 14. Bxg7 Kxg7 15. Rfc1 Nb4 16. a5 Ne5 17. Nxe5 Qxe5 18.
a6 Bd5 19. e4 Bxc4 20. Qxc4 Rac8 21. Nb3 Rc7 22. g3 Rfc8 23. f4 Qd6 24. Rd1 Qb6 25. Na5 Rb8 26. Nb7 Rbxb7 27. axb7 Rxb7 28. e5 Qxb5 29. Qxb5 Rxb5 30. Rxa7 Nc6 31. Rc7 Rb6 32. Rd5 Nd4 33. Rcxc5 Ne6 34. Rc2 Rb1+ 35. Kf2 Rb3 36. Rd7 Kf8 37. Rc8+ Kg7 38. Rxe7 Rb2+ 39. Ke3 Rxh2 40. Ra8 Rg2 41. Kf3 Rc2 42. Raa7 Rc3+ 43. Ke4 Nc5+ 44. Kd4 Rc1 45. Rxf7+ Kg8 46. Rg7+ Kf8 47.
Rgf7+ Kg8 48. Rg7+ Kf8 49. Rxh7 Nb3+ 50. Kd5 Rc5+ 51.
Kd6 Rc8 52. Rh8# 1-0

[Event "*** Titled Tuesday Blitz"]
[Site "Chess.com"]
[Date "2020.11.03"]
[Round "3"]
[White "dropstoneDP"]
[Black "grzechu96"]
[Result "1-0"]
[WhiteElo "2910"]
[BlackElo "2679"]
[TimeControl "180+1"]
[EndTime "10:31:18 PST"]
[Termination "dropstoneDP won by resignation"]

1. e4 e5 2. Nf3 Nc6 3. Bc4 Nf6 4.
d3 Bc5 5. Be3 Bxe3 6. fxe3 d6 7.
a4 Qe7 8. O-O Be6 9. Bxe6 Qxe6 10. a5 a6 11. c4 Ne7 12. Nc3 c6 13. Nh4 O-O 14. Qf3 d5 15. exd5 cxd5 16. cxd5 Nfxd5 17. Nxd5 Qxd5 18. Nf5 Qd7 19. Rac1 Nxf5 20. Qxf5 Qxf5 21.
Rxf5 f6 22. Rc7 Rf7 23. Rc3 Rd8 24. Kf2 Rfd7 25. Ke2 Kf7 26. g4 Ke6 27. Rf1 Rd5 28. b4 h5 29. gxh5 e4 30. dxe4 Rxh5 31. Rf2 Rh4 32. Rc7 Rd7 33. Rxd7 Kxd7 34. Kd3 Kd6 35. Kd4 Rh5 36. Rg2 g5 37. Rf2 Ke6 38. Kc5 Rh4 39.
Kb6 Rxe4 40. Rb2 Rxe3 41. Kxb7 f5 42. Kxa6 f4 43. b5 f3 44. b6 Re2 45. Rb1 f2 46. Rf1 Rb2 47. b7 g4 48. Rxf2 1-0

[Event "*** Titled Tuesday Blitz"]
[Site "Chess.com"]
[Date "2020.11.03"]
[Round "3"]
[White "QuintilianoR"]
[Black "Salem-AR"]
[Result "0-1"]
[WhiteElo "2629"]
[BlackElo "2854"]
[TimeControl "180+1"]
[EndTime "10:31:18 PST"]
[Termination "Salem-AR won by resignation"]

1. d4 Nf6 2. c4 g6 3. Nf3 Bg7 4. Nc3 O-O 5. e4 d6 6. Be2 e5 7. O-O Nc6 8. d5 Ne7 9. b4 Nh5 10. g3 a5 11. bxa5 Rxa5 12. Nd2 f5 13. Bxh5 gxh5 14.
Nb3 Ra6 15. Bg5 Qd7 16. Qxh5 Ng6 17. a4 Qf7 18. Bh6 Rb6 19. Nb5 fxe4 20. Nd2 Bf5 21. Rae1 Ra8 22. Bxg7 Kxg7 23. Nxe4 Bxe4 24. Rxe4 Rxa4 25.
Qe2 Rba6 26. h4 Kh8 27. Qg4 Ra8 28. h5 Nf8 29. Re3 Qxd5 30. Nxc7 Rxc4 31. Nxd5 Rxg4 32.
Rb3 Ra5 33. Nf6 Rg7 34. Rd1 Ra6 35. Rdb1 Rf7 36. Ne4 d5 37. Nc5 Rc6 38. Nxb7 Ne6 39. Na5 Rc5 40. Rb8+ Kg7 41. Nb7 Rc2 42. Nd6 Rfxf2 43.
R1b7+ Kh6 44. Nf7+ Kxh5 45. Nxe5 Ng5 46. g4+ Kh4 47. Rb3 Nh3+ 48. Rxh3+ Kxh3 49. Rb3+ Kh4 50. Nf3+ Kxg4 51. Ne5+ Kf5 0-1

[Event "*** Titled Tuesday Blitz"]
[Site "Chess.com"]
[Date "2020.11.03"]
[Round "3"]
[White "bazar-wokzal"]
[Black "AsaHoffmann"]
[Result "0-1"]
[WhiteElo "2506"]
[BlackElo "2311"]
[TimeControl "180+1"]
[EndTime "10:31:18 PST"]
[Termination "AsaHoffmann won on time"]

1. e4 d6 2. f4 c6 3. Nc3 g6 4. Nf3 Bg7 5. d4 Bg4 6. Be3 Qb6 7. Qd2 Nd7 8. O-O-O Qa5 9. Kb1 b5 10. e5 d5 11. Ne2 Qxd2 12. Nxd2 e6 13. h3 Bxe2 14. Bxe2 Ne7 15. g4 a6 16. b3 Rc8 17. c4 O-O 18. c5 a5 19. Bd3 f6 20. exf6 Nxf6 21. Rde1 Rce8 22. Bf2 Nc8 23. Nf3 Nd7 24. Bg3 e5 25. Nxe5 Bxe5 26. dxe5 Nxc5 27. Bc2 Ne7 28. Rhf1 Rd8 29.
f5 d4 30. f6 Nd5 31. e6 Rxf6 32. e7 Re8 33. Rxf6 Nxf6 34. Bd6 d3 35. Bxc5 dxc2+ 36. Kxc2 Nd5 37. Re6 Kf7 38. Rxc6 Nxe7 39. Rc7 Ke6 40.
Bxe7 Rxe7 41. Rc5 Rb7 42. Kd3 Kd6 43. Kd4 a4 44. b4 Rb8 45. g5 Rb7 46. h4 Rb8 47.
Rd5+ Kc6 48. Re5 Kd6 49. Re4 Rd8 50. Rf4 Kc6+ 51. Ke5 Rd5+ 0-1

[Event "*** Titled Tuesday Blitz"]
[Site "Chess.com"]
[Date "2020.11.03"]
[Round "3"]
[White "chessmadara"]
[Black "Fischerev7"]
[Result "0-1"]
[WhiteElo "2210"]
[BlackElo "2421"]
[TimeControl "180+1"]
[EndTime "10:31:18 PST"]
[Termination "Fischerev7 won on time"]

1. e4 c5 2. Nf3 d6 3. d4 cxd4 4. Nxd4 Nf6 5. Nc3 a6 6. g3 e5 7. Nde2 Be6 8. Bg2 Be7 9. O-O Nbd7 10. a4 h6 11. h3 O-O 12. b4 Rc8 13. Bb2 Nb6 14. Rc1 Nc4 15. Ba1 Qb6 16. Rb1 Rfd8 17. a5 Qc6 18. Nd5 Bxd5 19. exd5 Qc7 20. Nc3 b6 21. axb6 Qxb6 22. Ne4 Nxe4 23. Bxe4 g6 24. Kh2 f5 25. Bg2 Bf6 26. Qe2 Bg7 27. Rfe1 Na3 28.
Rb3 Nxc2 29. Rc1 Nxa1 30. Rxa1 e4 31. Rxa6 Qd4 32. b5 Qxd5 33. Rb1 Rc3 34. Bf1 Qc5 35. Qa2+ Kh8 36. Rc6 Qd4 37. Rxc3 Qxc3 38. b6 Qc6 39. b7 Qc7 40. Qa8 Rb8 41. Ba6 Bd4 42.
Rc1 Bc5 43. Rd1 Qd8 0-1

[Event "*** Titled Tuesday Blitz"]
[Site "Chess.com"]
[Date "2020.11.03"]
[Round "3"]
[White "kreonx"]
[Black "annacramling"]
[Result "1-0"]
[WhiteElo "2307"]
[BlackElo "1968"]
[TimeControl "180+1"]
[EndTime "10:31:18 PST"]
[Termination "kreonx won on time"]

1. e4 c5 2. c4 Nc6 3. Nc3 g6 4. g3 Bg7 5. Bg2 d6 6. Rb1 a5 7. Nge2 Nf6 8. O-O O-O 9. d4 cxd4 10. Nxd4 Nxe4 11. Nxc6 Nxc3 12. Nxd8 Nxd1 13. Nxb7 Bf5 14. Ra1 Nxb2 15. Nxd6 exd6 16. Bxa8 Rxa8 17. Bxb2 Bxb2 18. Rad1 Ba3 19. f3 Bb4 20. g4 Be6 21. Rc1 Rc8 22.
Kg2 Kg7 23. Rfd1 Rxc4 24. a4 Rc5 25. h3 Bb3 26. Rxc5 Bxc5 27. Ra1 Bd4 28. Ra3 Bd5 29. Rd3 Bxf3+ 30. Kxf3 Bc5 31. Ke4 Kf6 32. Kd5 Ke7 33. Rb3 f5 34. Rb7+ Kf6 35. gxf5 gxf5 36. Rxh7 f4 37.
Ke4 Be3 38. Rh6+ Ke7 39. h4 d5+ 40. Kxd5 Kf7 41. Re6 Bd2 42. Re2 Bc1 43. Rg2 Kf6 44. Ke4 1-0

[Event "*** Titled Tuesday Blitz"]
[Site "Chess.com"]
[Date "2020.11.03"]
[Round "3"]
[White "Bulldog167"]
[Black "Firouzja2003"]
[Result "0-1"]
[WhiteElo "2752"]
[BlackElo "3068"]
[TimeControl "180+1"]
[EndTime "10:31:19 PST"]
[Termination "Firouzja2003 won on time"]

1. d4 b6 2. e4 Bb7 3. Bd3 e6 4. Nf3 d5 5. e5 Ba6 6. Bxa6 Nxa6 7. c3 Qd7 8. O-O c5 9. a3 Ne7 10. Nbd2 Nf5 11. Re1 Be7 12. Nf1 O-O 13. Ne3 Nxe3 14.
Bxe3 Rac8 15. Qd3 Nb8 16. h4 Nc6 17. b4 cxd4 18. cxd4 a5 19. b5 Nb8 20. a4 Rc4 21.
Ng5 Bxg5 22. hxg5 Rfc8 23. Ra3 Qe7 24. g3 Nd7 25. Kg2 Nf8 26. Rh1 Qb4 27. Rb1 Qe7 28.
Rh1 Rc2 29. Raa1 R8c3 30. Qd1 Qc7 31. Rc1 Rxc1 32. Bxc1 Qc4 33. Be3 Rc2 34. Qa1 Qd3 35. Re1 Ng6 36. Kg1 Ne7 37. Rc1 Nf5 38. Rxc2 Qxc2 39.
Qa3 g6 40. Kf1 Kg7 41. Kg1 Qc4 42. Qa1 Qb3 43. Qc1 Qxa4 44. Qc6 Qd1+ 45. Kg2 Qe2 46. Kg1 Nxe3 47. fxe3 Qxe3+ 48. Kg2 Qxd4 49. Qc7 a4 50. Qxb6 Qxb6 0-1

[Event "*** Titled Tuesday Blitz"]
[Site "Chess.com"]
[Date "2020.11.03"]
[Round "3"]
[White "dragos420"]
[Black "baki83"]
[Result "0-1"]
[WhiteElo "2498"]
[BlackElo "2800"]
[TimeControl "180+1"]
[EndTime "10:31:19 PST"]
[Termination "baki83 won by resignation"]

1. e4 c5 2. Nf3 d6 3. d4 cxd4 4. Nxd4 Nf6 5. Nc3 Nc6 6. Bg5 Bd7 7. Qd2 a6 8. f4 e6 9. O-O-O Be7 10. Nxc6 Bxc6 11.
Bd3 Rc8 12. Rhe1 b5 13. e5 dxe5 14. fxe5 Nd7 15. Bxe7 Qxe7 16. Be4 Nxe5 17. Bxc6+ Nxc6 18. Nd5 Qb7 19. Qg5 O-O 20. Nf6+ Kh8 21. Nh5 f6 22.
Qg4 Ne5 23. Qg3 Qf7 24. Nf4 Rc4 25. h4 Rfc8 26. Rd2 R4c6 27. h5 h6 28. Red1 Kh7 29.
Qe3 Rc4 30. g3 Qc7 31. Qe2 Qc6 32. Nd3 Nxd3+ 33. Qxd3+ f5 34. Re1 b4 35. Kb1 a5 36.
Ree2 a4 37. Rd1 Rb8 38. b3 axb3 39. axb3 Rc3 40. Qd4 Ra8 41. Qxb4 Rxg3 42. Rd6 Qh1+ 43.
Re1 Rg1 44. Rdd1 Rxe1 45. Rxe1 Qd5 46. Qc3 Qd6 47. Rg1 Qd7 48. Qe5 Qa7 49. Qb2 Qxg1+ 0-1

[Event "*** Titled Tuesday Blitz"]
[Site "Chess.com"]
[Date "2020.11.03"]
[Round "3"]
[White "GMartin_Petrov"]
[Black "Vasily85"]
[Result "1/2-1/2"]
[WhiteElo "2611"]
[BlackElo "2401"]
[TimeControl "180+1"]
[EndTime "10:31:19 PST"]
[Termination "Game drawn by repetition"]

1. c4 c5 2. Nc3 g6 3. g3 Bg7 4. Bg2 Nc6 5. e3 e6 6. Nge2 Nge7 7. O-O O-O 8. d4 cxd4 9. Nxd4 Nxd4 10. exd4 d5 11.
cxd5 Nxd5 12. Nxd5 exd5 13. Be3 Be6 14. Qb3 Qb6 15.
Rac1 Rac8 16. Qxb6 axb6 17. a3 Rc6 18. Rxc6 bxc6 19.
Rc1 Rc8 20. b4 Ra8 21. Rc3 Bf6 22. Bf1 c5 23. bxc5 bxc5 24. Rxc5 Rxa3 25. h4 h5 26. Kg2 Kg7 27. Be2 Ra2 28. Bf3 Ra1 29.
Bxd5 Bxd5+ 30. Rxd5 Rd1 31. Rd7 Kf8 32. Kf3 Ke8 33. Ke2 Kxd7 34. Kxd1 Ke6 35. Ke2 Kd5 36. Kd3 Bg7 37. f3 f5 38. Bf2 Bf6 39. Kc3 Bg7 40. Kd3 Bf6 41. Be3 Bg7 42. Bg1 Bf6 43. Bf2 Bg7 44.
Be1 Bf6 45. Bc3 Bg7 46. Ke3 Bh6+ 47. Kd3 Bg7 48. Bb2 Bf6 49. Ke3 Bg7 50. Kd3 Bf6 51. Bc3 Bg7 1/2-1/2

[Event "*** Titled Tuesday Blitz"]
[Site "Chess.com"]
[Date "2020.11.03"]
[Round "3"]
[White "Vi_Los"]
[Black "UB_TheQueen"]
[Result "1-0"]
[WhiteElo "2330"]
[BlackElo "2077"]
[TimeControl "180+1"]
[EndTime "10:31:19 PST"]
[Termination "Vi_Los won by resignation"]

1. e4 c5 2. Nf3 d6 3. Bb5+ Nd7 4.
O-O Nf6 5. Re1 g6 6. c3 Bg7 7. d4 O-O 8. a4 cxd4 9. cxd4 a6 10. Bc4 d5 11. exd5 Nb6 12. Bb3 Nbxd5 13. Nc3 e6 14. Bg5 h6 15. Bh4 g5 16. Bg3 b6 17.
Ne5 Bb7 18. Rc1 Rc8 19. h4 Nd7 20. Nxd5 Bxd5 21. Rxc8 Qxc8 22. Bxd5 exd5 23. hxg5 hxg5 24. Qh5 Nxe5 25. Bxe5 Qf5 26. Bxg7 Kxg7 27. Re5 Qb1+ 28. Kh2 Rh8 29. Rxg5+ Kf6 30. Qxh8+ Kxg5 31. Qe5+ Kg6 32. Qd6+ f6 33. Qxb6 Qc2 34. Qb8 Qxf2 35. Qg3+ Qxg3+ 36. Kxg3 Kf5 37. Kf3 a5 38. b3 Kg5 39. g4 Kh4 40. Kf4 Kh3 41. Kf5 Kh4 42. Kxf6 Kxg4 43. Ke5 Kf3 44.
Kxd5 Ke3 45. Kc5 Kd3 46. d5 Kc3 47. Kb5 Kxb3 48. Kxa5 Kc4 49. d6 Kd5 50. d7 Kd6 51. d8=Q+ Kc6 52. Qb6+ Kd5 53. Kb5 Ke5 54. a5 Kf5 55. a6 Ke4 56. a7 1-0